AoeStats
← impossible

Arena

510934148Analyzed
4v4 RM · 12h ago on Oct 3, 2026· 66m 2s· 8 players
Game mode
Random Map
Map size
Large (8 player)
Population
200
Speed
Normal
Resources
Standard
Victory
Conquest
Starting age
Dark Age
Ending age
Imperial Age
RankedLock teamsTeams togetherTeam positionsShared explorationLock speedFull tech treeHidden civsTurbo modeCheats
Victory
Defeat
🇦🇷 Hindustanis · Argentina
1284
+13
🇷🇺 Britons · Russia
1185
+17
🇹🇼 Goths · Taiwan
1092
+21
🇦🇷 Teutons · Argentina
1058
+23
🇲🇽 Burmese · Mexico
1314
-22
🇲🇽 Britons · Mexico
1294
-22
🇲🇽 Varangians · Mexico
1120
-15
🇲🇽 Vikings · Mexico
1118
-15
Lord pelusa
9:37 Feudal Age
10:52 Double-Bit Axe
14:11 Castle Age
12:46 Double-Bit Axe
17:11 Wheelbarrow
19:17 Loom
19:38 Gold Mining
21:58 Horse Collar
24:58 Padded Archer Armor
24:49 Fletching
25:38 Gold Shaft Mining
24:50 Elite Skirmisher
26:49 Scale Mail Armor
27:19 Forging
27:46 Chain Mail Armor
28:44 Bodkin Arrow
33:22 Imperial Age
35:05 Chemistry
34:07 Shatagni
34:29 Conscription
37:25 Leather Archer Armor
39:22 Bracer
40:01 Ballistics
40:46 Bow Saw
43:32 Grand Trunk Road
44:01 Fortified Wall
44:32 Hoardings
45:01 Thumb Ring
47:54 Heavy Plow
51:13 Ring Archer Armor
52:20 Two-Man Saw
54:24 Bloodlines
54:14 Husbandry
54:51 Iron Casting
54:22 Scale Barding Armor
55:35 Heavy Camel Rider
59:23 Hand Cart
60:14 Chain Barding Armor
61:01 Blast Furnace
TURTLE KING
11:22 Feudal Age
12:41 Double-Bit Axe
15:33 Castle Age
13:34 Horse Collar
17:30 Wheelbarrow
17:37 Bow Saw
36:13 Imperial Age
35:15 Forging
35:06 Scale Mail Armor
35:12 Anarchy
35:50 Gold Mining
36:19 Hand Cart
37:35 Scale Barding Armor
37:50 Chain Mail Armor
37:47 Heavy Plow
37:53 Perfusion
40:18 Iron Casting
40:23 Stone Mining
41:05 Crop Rotation
41:42 Two-Man Saw
45:57 Elite Huskarl
52:13 Blast Furnace
55:05 Pikeman
55:45 Squires
55:44 Halberdier
nanad14
0:38 Loom
12:23 Feudal Age
13:19 Double-Bit Axe
13:58 Horse Collar
18:50 Castle Age
18:12 Scale Barding Armor
18:02 Gold Mining
19:17 Forging
19:28 Elite Skirmisher
25:00 Bloodlines
25:52 Fortified Wall
26:51 Fletching
27:01 Padded Archer Armor
27:15 Stone Mining
31:32 Chain Barding Armor
31:56 Wheelbarrow
32:01 Leather Archer Armor
33:11 Masonry
34:43 Bow Saw
34:37 Heavy Plow
36:38 Stone Shaft Mining
43:38 Imperial Age
41:25 Hand Cart
40:55 Town Watch
41:35 Bodkin Arrow
46:32 Ring Archer Armor
46:39 Iron Casting
46:25 Chain Barding Armor
46:51 Conscription
46:39 Cavalier
48:19 Paladin
50:32 Blast Furnace
52:27 Squires
56:59 Chemistry
61:27 Ballistics
61:13 Siege Engineers
64:52 Caravan
impossible
10:25 Feudal Age
13:58 Castle Age
12:34 Double-Bit Axe
13:06 Stone Mining
16:56 Loom
18:34 Fletching
22:21 Bodkin Arrow
23:17 Padded Archer Armor
27:01 Leather Archer Armor
28:18 Ballistics
28:44 Town Watch
29:35 Wheelbarrow
34:53 Imperial Age
33:54 Murder Holes
33:40 Treadmill Crane
34:12 Masonry
34:45 Hand Cart
36:15 Conscription
35:32 Elite Longbowman
35:40 Elite Longbowman
36:25 Gold Mining
36:48 Bow Saw
36:18 Horse Collar
36:47 Bracer
38:40 Chemistry
39:57 Ring Archer Armor
40:52 Architecture
41:40 Yeomen
41:56 Yeomen
42:10 Fortified Wall
42:44 Siege Engineers
43:44 Hand Cart
44:15 Forging
44:06 Scale Mail Armor
48:03 Two-Man Saw
47:04 Heavy Plow
47:40 Gold Shaft Mining
47:21 Chain Mail Armor
47:42 Iron Casting
48:39 Plate Mail Armor
48:19 Scale Barding Armor
49:30 Hoardings
50:38 Town Patrol
55:16 Blast Furnace
60:56 Warwolf
Cero Ryzen
10:13 Feudal Age
10:52 Loom
14:24 Castle Age
14:06 Padded Archer Armor
19:18 Gold Mining
23:29 Horse Collar
29:01 Wheelbarrow
33:18 Stone Mining
34:17 Sanctity
34:08 Treadmill Crane
35:00 Manipur Cavalry
36:10 Husbandry
37:14 Bloodlines
38:14 Gold Shaft Mining
41:44 Imperial Age
40:39 Scale Barding Armor
41:50 Elite Arambai
43:49 Parthian Tactics
45:04 Masonry
46:41 Scale Mail Armor
46:52 Forging
46:21 Man-at-Arms
47:02 Squires
47:37 Hand Cart
47:05 Long Swordsman
47:37 Long Swordsman
50:14 Conscription
50:21 Chain Mail Armor
53:04 Light Cavalry
54:48 Chain Barding Armor
SirLeinad3455
0:28 Loom
13:33 Feudal Age
15:19 Horse Collar
18:23 Castle Age
20:01 Fletching
21:26 Bodkin Arrow
21:33 Scale Mail Armor
23:42 Chain Mail Armor
25:17 Forging
37:41 Iron Casting
KarlStrange
10:19 Feudal Age
14:26 Castle Age
14:11 Double-Bit Axe
15:06 Gold Mining
15:08 Fletching
17:32 Ballistics
19:32 Bodkin Arrow
21:40 Loom
22:04 Padded Archer Armor
26:03 Leather Archer Armor
28:32 Yeomen
39:52 Imperial Age
39:31 Horse Collar
40:27 Wheelbarrow
40:48 Bracer
42:08 Chemistry
43:48 Conscription
47:09 Elite Longbowman
50:35 Stone Mining
54:15 Gold Shaft Mining
54:25 Ring Archer Armor
_Snake_Khan_
10:49 Feudal Age
9:04 Loom
11:44 Double-Bit Axe
11:42 Horse Collar
13:30 Fletching
18:06 Castle Age
16:15 Gold Mining
17:31 Padded Archer Armor
20:00 Forging
19:55 Scale Barding Armor
20:31 Scale Mail Armor
22:57 Pikeman
27:47 Padded Archer Armor
31:50 Iron Casting
31:35 Chain Barding Armor
33:03 Wheelbarrow
32:29 Bodkin Arrow
34:10 Leather Archer Armor
36:55 Stone Mining
38:44 Bow Saw
42:54 Imperial Age
40:59 Heavy Plow
44:28 Husbandry
44:39 Bloodlines
45:32 Blast Furnace
45:08 Plate Barding Armor
44:56 Conscription
43:59 Elite Jarl
44:05 Gothikon
44:56 Vendel Legacy
46:04 Hand Cart
46:58 Stone Shaft Mining
47:56 Two-Man Saw
47:27 Cavalier
57:02 Light Cavalry
60:08 Ballistics
59:24 Hussar
61:32 Chemistry
65:18 Town Watch
Connection lost

Rejoining the realm…

Still unreachable

The connection could not be restored.

Session expired

The server has moved on; the page needs a fresh start.